 Dungeon Crawl Stone Soup version 0.30.1-11-g7821555f0a (webtiles) character file.

Game seed: 17374161393320445297

3325 Vulpanium the Magician (level 10, -2/67 HPs)
             Began as a Human Air Elementalist on Nov 30, 2023.
             Was an Elder of Cheibriados.
             Slain by a killer bee (4 damage)
             ... on level 9 of the Dungeon.
             The game lasted 00:27:10 (8612 turns).

Vulpanium the Magician (Human Air Elementalist)     Turns: 8612, Time: 00:27:11

Health: -2/67      AC:  4    Str: 18    XL:     10   Next: 21%
Magic:  16/20      EV: 19    Int: 31    God:    Cheibriados [****..]
Gold:   349        SH:  0    Dex: 23    Spells: 22/23 levels left

rFire   . . .        E - staff of air
rCold   . . .        (no shield)
rNeg    + . .        m - +0 leather armour "Riciebb" {Fly rN+}
rPois   .            (no helmet)
rElec   +            z - +0 cloak
rCorr   .            (no gloves)
SInv    .            (no boots)
Will    +....        (no amulet)
Stlth   +++          k - ring of willpower
HPRegen 0.31/turn    u - +5 ring of evasion
MPRegen 0.17/turn

%: no passive effects
@: lethally poisoned (-2 -> -22), flying, very slow
A: no striking features
a: Renounce Religion, Bend Time, Temporal Distortion, Slouch


You were on level 9 of the Dungeon.
You worshipped Cheibriados.
Cheibriados was greatly pleased with you.
You visited 2 branches of the dungeon, and saw 9 of its levels.

You collected 349 gold pieces.

Inventory:

Hand Weapons
 d - a +0 short sword
 t - a +1 dagger of draining
Armour
 a - a +1 robe
 m - the +0 leather armour "Riciebb" (worn) {Fly rN+}
   (You found it on level 5 of the Dungeon)

   rN:        It protects you from negative energy.
   Fly:       It grants you flight.
 z - a +0 cloak (worn)
Magical Staves
 E - a staff of air (weapon)
Jewellery
 k - a ring of willpower (left hand)
 p - a ring of poison resistance
 u - a +5 ring of evasion (right hand)
Wands
 B - a wand of polymorph (7)
Scrolls
 l - a scroll of magic mapping
 n - 2 scrolls of enchant armour
 o - 3 scrolls of teleportation
 q - 2 scrolls of fear
 v - 3 scrolls of identify
 w - 2 scrolls of enchant weapon {unknown}
 x - a scroll of poison {unknown}
 y - a scroll of summoning {unknown}
 C - a scroll of noise {unknown}
 D - a scroll of blinking
Potions
 b - a potion of magic
 c - 2 potions of attraction
 e - 2 potions of heal wounds
 f - a potion of might {unknown}
 g - 4 potions of curing
 h - 2 potions of brilliance {unknown}
 i - a potion of lignification {unknown}
 j - 2 potions of cancellation {unknown}
 r - 2 potions of mutation {unknown}
 s - a potion of degeneration {unknown}
 A - a potion of haste {unknown}


   Skills:
 + Level 2.0 Fighting
 + Level 1.5 Short Blades
 + Level 0.3 Staves
 + Level 3.0 Armour
 + Level 4.0 Dodging
 + Level 3.8 Stealth
 + Level 7.3 Spellcasting
 + Level 6.5 Conjurations
 + Level 7.0 Air Magic
 + Level 2.2 Invocations


You had 22 spell levels left.
You knew the following spells:

 Your Spells              Type           Power      Damage    Failure   Level
a - Shock                 Conj/Air       100%       1d9       1%          1

Your spell library contained the following spells:

 Spells                   Type           Power      Damage    Failure   Level
 Momentum Strike          Conj/Tloc      62%        3d9       1%          2
 Static Discharge         Conj/Air       100%       2-7/arc   1%          2
 Swiftness                Air            70%        N/A       1%          3
 Airstrike                Air            35%        2d(5-21)  2%          4
 Blink                    Tloc           22%        N/A       8%          2
 Lesser Beckoning         Tloc           22%        N/A       8%          2
 Scorch                   Fire           22%        2d5       8%          2
 Sublimation of Blood     Necr           11%        N/A       8%          2
 Wereblood                Tmut           11%        N/A       8%          2
 Flame Wave               Conj/Fire      31%        2d9       13%         4
 Animate Armour           Summ/Erth      22%        N/A       45%         4
 Blade Hands              Tmut           5%         N/A       82%         5
 Iron Shot                Conj/Erth      15%        9d4       90%         6
 Summon Cactus Giant      Summ           5%         N/A       100%        6
 Summon Hydra             Summ           5%         N/A       100%        7


Dungeon Overview and Level Annotations

Branches:
Dungeon (7/15)             Temple (1/1) D:5

Altars:
Ashenzari
Cheibriados
Dithmenos
Elyvilon
Gozag
Kikubaaqudgha
Makhleb
Okawaru
Qazlal
Ru
Sif Muna
Trog
Uskayaw
Wu Jian
Xom
Yredelemnul
Zin
The Shining One

Shops:
D:5 (   D:6 (


Message History

The killer bee poisons you! The killer bee completely misses you.
The killer bee barely misses you. The killer bee stings you.
The killer bee misses you.
You hit the killer bee but do no damage.
The killer bee is electrocuted.
The killer bee is almost dead.
You feel very sick. The killer bee closely misses you.
The killer bee misses you.
The killer bee closely misses you. x3; The killer bee barely misses you.
The killer bee closely misses you.
The killer bee completely misses you. x2
You hit the killer bee.
The killer bee is electrocuted.
You kill the killer bee!
Cheibriados thoroughly appreciates the change of pace.
Cheibriados raises the support of your attributes as your movement slows.
You feel sick. The killer bee barely misses you.
The killer bee completely misses you. The killer bee misses you. x2
Your Fighting skill increases to level 2!
Your Armour skill increases to level 3!
The killer bee attacks as you move away!
The killer bee stings you.
* * * LOW HITPOINT WARNING * * *
You are more poisoned.
The killer bee poisons you!
* * * LOW HITPOINT WARNING * * *
You feel very sick. The killer bee stings you.
* * * LOW HITPOINT WARNING * * *
You are lethally poisoned!
The killer bee poisons you! The killer bee completely misses you.
The killer bee misses you. The killer bee completely misses you.
The killer bee misses you. The killer bee closely misses you.
The killer bee stings you.
* * * LOW HITPOINT WARNING * * *
You are more poisoned.
The killer bee poisons you!
You see here a killer bee corpse.
* * * LOW HITPOINT WARNING * * *
You feel extremely sick. The killer bee misses you. The killer bee stings you.
You die...

#.#......
####....... ....
.......... .....
......... ....>
........####.#.#
.#..
#........#)#
....
#.)......#.#
...#
.....##yy....#.#
...+ ...)
#@.....#.#...
..y #......#.#.#
.. #..........#
. ########.### #
######.###....
#............#
#...)........+
#..).........#
#............#


You could see 2 killer bees.

Vanquished Creatures
  Prince Ribbit (D:5)
  A troll (D:9)
  Grinder (D:3)
  A steam dragon (D:6)
  4 ice beasts
  3 black bears
  An orc warrior (D:9)
  A centaur (D:9)
  A phantom (D:4)
  3 bullfrogs
  7 scorpions
  7 wights
  A killer bee (D:9)
  A howler monkey (D:7)
  5 hounds
  An orc priest (D:5)
  A sleepcap (D:6)
  2 gnoll boudas
  2 iguanas
  Jessica (D:3)
  Ijyb (D:5)
  An orc wizard (D:5)
  Robin (D:5)
  7 gnolls
  11 adders
  A white imp (D:5)
  2 worms
  A dart slug (D:1)
  6 orcs
  6 endoplasms
  3 giant cockroaches
  5 goblins
  15 hobgoblins
  7 kobolds
  2 quokkas (D:1)
  5 ball pythons
  5 bats
  5 frilled lizards
  4 rats
133 creatures vanquished.

Notes
Turn   | Place    | Note
-------+----------+-------------------------------------------
     0 | D:1      | Vulpanium the Human Air Elementalist began the quest for
                  | the Orb.
     0 | D:1      | Reached XP level 1. HP: 13/13 MP: 3/3
   277 | D:1      | Reached XP level 2. HP: 7/19 MP: 0/5
   927 | D:1      | Reached XP level 3. HP: 24/24 MP: 3/6
  1145 | D:2      | Found a faded altar of an unknown god.
  1149 | D:2      | Prayed at the altar of an unknown god.
  1149 | D:2      | Became a worshipper of Cheibriados the Contemplative
  1149 | D:2      | Reached * piety under Cheibriados
  1450 | D:2      | Reached XP level 4. HP: 19/30 MP: 1/7
  2199 | D:2      | Reached ** piety under Cheibriados
  2319 | D:3      | Noticed Grinder
  2347 | D:3      | Paralysed by Grinder for 3 turns
  2355 | D:3      | Killed Grinder
  2356 | D:3      | Reached XP level 5. HP: 20/36 MP: 0/10
  2356 | D:3      | Reached XP level 6. HP: 24/42 MP: 0/11
  2493 | D:3      | Found a burning altar of Makhleb.
  2495 | D:3      | Noticed an Executioner
  2499 | D:3      | Noticed a smoke demon
  2499 | D:3      | Noticed a hellwing
  2691 | D:3      | Reached skill level 1 in Fighting
  2733 | D:3      | Noticed Jessica
  2738 | D:3      | Killed Jessica
  3149 | D:3      | Found a stormy altar of Qazlal.
  3188 | D:3      | Found a glowing silver altar of Zin.
  3188 | D:3      | Found a white marble altar of Elyvilon.
  3445 | D:4      | Reached skill level 1 in Short Blades
  3445 | D:4      | Reached XP level 7. HP: 48/48 MP: 2/12
  4465 | D:4      | Reached XP level 8. HP: 44/54 MP: 6/14
  4552 | D:4      | Reached skill level 5 in Air Magic
  4836 | D:5      | Entered Level 5 of the Dungeon
  4840 | D:5      | Reached *** piety under Cheibriados
  4925 | D:5      | Found an ornate altar of the Wu Jian Council.
  4960 | D:5      | Reached skill level 5 in Spellcasting
  5253 | D:5      | Found a bloodstained altar of Trog.
  5316 | D:5      | Noticed Prince Ribbit
  5349 | D:5      | Killed Prince Ribbit
  5350 | D:5      | Reached skill level 1 in Invocations
  5683 | D:5      | Identified the +0 leather armour "Riciebb" {Fly rN+}
  5961 | D:5      | Found Wiwoudda's Antique Weapon Shoppe.
  5974 | D:5      | Reached skill level 5 in Conjurations
  6024 | D:5      | Noticed Ijyb
  6027 | D:5      | Reached XP level 9. HP: 59/59 MP: 11/17
  6027 | D:5      | Noticed Robin
  6031 | D:5      | Killed Ijyb
  6037 | D:5      | Killed Robin
  6278 | D:5      | Found a staircase to the Ecumenical Temple.
  6572 | Temple   | Entered the Ecumenical Temple
  6966 | D:6      | Reached skill level 1 in Armour
  7093 | D:6      | Found an iron altar of Okawaru.
  7093 | D:6      | Found a broken altar of Ashenzari.
  7373 | D:6      | Reached **** piety under Cheibriados
  7558 | D:6      | Found Costacw's Antique Weapon Shoppe.
  8090 | D:7      | Reached XP level 10. HP: 51/66 MP: 3/20
  8247 | D:7      | You are sucked into a shaft and drop 2 floors!
  8612 | D:9      | HP: 2/67 [poisoned by a killer bee]
  8612 | D:9      | Slain by a killer bee

Illustrated notes

Levels and vault maps discovered:
D:1:      sevenhm_arrival_forest_fort_large_4, layout_rooms
D:2:      wad_lake_hut, layout_basic, hellmonk_ecumenical_altar_heavens_door,
          minmay_misc_feat_square, minmay_misc_feat_encased
D:3:      layout_loops_cross, mainiacjoe_overflow_boulevard,
          makhleb_altar_promises_db, gammafunk_temple_overflow_elements,
          uniq_grinder, uniq_jessica
D:4:      layout_loops_corners, chequers_serial_rivers_micro_a,
          patterned_corridor
D:5:      layout_cave_pods, kennysheep_little_box,
          pdpol_wu_jian_five_deadly_venoms, temple_statues, serial_shops, shop,
          nicolae_goblin_pals, uniq_prince_ribbit1
D:6:      layout_rooms, mainiacjoe_overflow_catch_the_wave, serial_shops,
          nicolae_diamond_shop
D:7:      layout_basic, kennysheep_generic_room_11
D:9:      layout_basic, nicolae_vehumet_altar_sigil,
          nicolae_hepliaklqana_hippocampus
Temple:   jpeg_temple_alley_garden

Skill      XL: |  1  2  3  4  5  6  7  8  9 10 |
---------------+-------------------------------+-----
Spellcasting   | 3 4 5 6 7 |  7.3
Conjurations   | 2 3 4 5 6 |  6.5
Air Magic      | 4 5 6 7 |  7.0
Fighting       | 1 2 |  2.0
Short Blades   | 1 |  1.5
Stealth        | 3 |  3.8
Dodging        | 3 4 |  4.0
Invocations    | 1 2 |  2.2
Armour         | 2 3 |  3.0
Staves         | |  0.3

Action                     |  1- 3 |  4- 6 |  7- 9 | 10-12 || total
---------------------------+-------+-------+-------+-------++-------
  Melee: Short sword       |    27 |     7 |       |       ||    34
         Dagger            |       |    15 |    72 |       ||    87
         Staff             |       |       |    14 |     7 ||    21
         Punch             |       |       |     2 |       ||     2
   Cast: Shock             |    55 |    67 |   239 |    40 ||   401
 Invoke: Bend Time         |       |     1 |     2 |       ||     3
         Temporal Distorti |       |       |     1 |       ||     1
         Slouch            |       |       |     1 |       ||     1
    Use: Scroll            |     1 |     1 |     5 |       ||     7
         Potion            |       |     1 |     1 |       ||     2
   Stab: Sleeping          |       |     1 |     1 |       ||     2
 Armour: Robe              |    13 |     2 |    10 |       ||    25
         Leather armour    |       |       |    17 |     2 ||    19
  Dodge: Dodged            |    32 |    28 |   191 |    68 ||   319
